 Dungeon Crawl Stone Soup version 0.29.1-12-g30fa7ad0bf (webtiles) character file.

Game seed: 10755675507044480911

2221 Gabide the Fighter (level 9, 0/76 HPs)
             Began as a Formicid Berserker on Dec 17, 2022.
             Was an Elder of Trog.
             Slain by a boulder beetle (4 damage)
             ... on level 6 of the Dungeon.
             The game lasted 00:07:07 (5663 turns).

Gabide the Fighter (Formicid Berserker)             Turns: 5663, Time: 00:07:08

Health: 0/76       AC:  6    Str: 26    XL:     9   Next: 61%
Magic:  0/9        EV: 17    Int: 13    God:    Trog [****..]
Gold:   200        SH:  0    Dex: 13    Spells: 8/8 levels left

rFire   . . .      SeeInvis +   d - +0 giant club
rCold   . . .      Faith    .   (shield currently unavailable)
rNeg    . . .      Spirit   +   a - +0 ring mail
rPois   .          Reflect  .   (helmet unavailable)
rElec   .          Harm     .   (no cloak)
rCorr   .          Rampage  .   (no gloves)
Will    .....                   e - +0 pair of boots
Stlth   +.........              q - amulet of guardian spirit
HPRegen 0.22/turn               l - +4 ring of evasion
MPRegen 0.11/turn               n - +6 ring of intelligence

@: no status effects
A: permanent stasis, dig shafts and tunnels, antennae 3, four strong arms
a: Dig, Shaft Self, Renounce Religion, Trog's Hand, Brothers in Arms


You were on level 6 of the Dungeon.
You worshipped Trog.
Trog was greatly pleased with you.
You visited 1 branch of the dungeon, and saw 6 of its levels.

You collected 252 gold pieces.
You spent 52 gold pieces at shops.

Inventory:

Hand Weapons
 c - a +1 mace of holy wrath
 d - a +0 giant club (weapon)
Armour
 a - a +0 ring mail (worn)
 e - a +0 pair of boots (worn)
Jewellery
 l - a +4 ring of evasion (left hand)
 n - a +6 ring of intelligence (right hand)
 q - an amulet of guardian spirit (around neck)
 v - an amulet of magic regeneration
Wands
 r - a wand of light (2)
Scrolls
 b - a scroll of vulnerability {unknown}
 f - a scroll of poison {unknown}
 h - a scroll of enchant armour {unknown}
 i - a scroll of amnesia {unknown}
 p - a scroll of fog {unknown}
 s - a scroll of magic mapping {unknown}
 u - 2 scrolls of immolation {unknown}
 w - a scroll of identify
Potions
 g - 6 potions of heal wounds
 j - 2 potions of flight
 k - a potion of might
 m - 5 potions of curing
 o - a potion of degeneration {unknown}
 t - a potion of mutation


   Skills:
 * Level 9.1 Fighting
 * Level 8.2 Maces & Flails
 - Level 2.1 Armour
 + Level 5.2 Dodging


You had 8 spell levels left.
You didn't know any spells.
Your spell library was empty.

Dungeon Overview and Level Annotations

Branches:
Dungeon (6/15)
 Temple: D:4-7

Altars:
Elyvilon
Gozag
Hepliaklqana
Nemelex Xobeh

Shops:
D:4 *

Annotations:
D:5 2 transporters, H0rd4k's ghost, amateur OpAr


Innate Abilities, Weirdness & Mutations

You cannot be hasted, slowed, berserked, paralysed or teleported.
You can dig through walls and to a lower floor.
You have a pair of large antennae on your head. (SInv)
Your four strong arms can wield two-handed weapons with a shield.


Message History

You hit the boulder beetle.
The boulder beetle is heavily wounded.
The boulder beetle completely misses you.
You hit the boulder beetle.
The boulder beetle is heavily wounded.
The boulder beetle is no longer blind.
The boulder beetle bites you!!
You hit the boulder beetle.
The boulder beetle is severely wounded.
The boulder beetle bites you!!
* * * LOW HITPOINT WARNING * * *
Okay, then.
Okay, then.
Unknown command.
Okay, then.
Aiming: Bolt of Light
Press: ? - help, Shift-Dir - straight line, f/p - boulder beetle
Aim: a boulder beetle (heavily wounded, 100% to hit)
The bolt of light hits the boulder beetle but does no damage.
The boulder beetle is heavily wounded.
The boulder beetle is blinded.
The boulder beetle completely misses you.
You catch the helpless boulder beetle completely off-guard!
You hit the boulder beetle.
The boulder beetle is severely wounded.
The boulder beetle bites you.
* * * LOW HITPOINT WARNING * * *
You hit the boulder beetle but do no damage.
The boulder beetle is severely wounded.
The boulder beetle bites you but does no damage.
The boulder beetle closely misses you.
You sock the boulder beetle!
The boulder beetle is severely wounded.
The boulder beetle barely misses you.
You hit the boulder beetle.
The boulder beetle is almost dead.
The boulder beetle misses you.
You hit the boulder beetle but do no damage.
The boulder beetle is almost dead.
The boulder beetle is no longer blind.
The boulder beetle bites you.
You die...

.#.#...#)#...# #...
.#...#...#...#....# #...
.................## ##..
...#...#...#...#.# ###
#[#...#.#...#.#..## #
.#...#...#...#....### .
.....................>..
..#..B#...#...#..###.#
#...#@#..†#.#.......#
#...#)†.#........#
.................#...
##############..†###.
###'### # #..).#.#
#))).'.# #####....###
#.......##


You could see a boulder beetle.

Vanquished Creatures
  Sigmund (D:2)
  A wraith (D:5)
  An orc warrior (D:6)
  An ice beast (D:6)
  2 black bears
  An ogre (D:5)
  3 centaurs
  A phantom (D:5)
  4 necrophages
  A scorpion (D:5)
  9 hounds
  A gnoll bouda (D:6)
  2 orc priests
  Jessica (D:3)
  6 orc wizards
  5 iguanas
  4 adders
  A shadow imp (D:5)
  A white imp (D:3)
  3 ufetubi (D:4)
  2 dart slugs
  18 orcs
  4 ball pythons
  5 bats
  3 endoplasms
  A giant cockroach (D:3)
  9 goblins
  7 hobgoblins
  9 jackals
  3 kobolds
  3 quokkas
  4 frilled lizards
  5 rats
122 creatures vanquished.

Vanquished Creatures (others)
  6 plants (D:5)
6 creatures vanquished.

Grand Total: 128 creatures vanquished

Notes
Turn   | Place    | Note
-------+----------+-------------------------------------------
     0 | D:1      | Gabide the Formicid Berserker began the quest for the Orb.
     0 | D:1      | Reached XP level 1. HP: 18/18 MP: 1/1
   183 | D:1      | Reached XP level 2. HP: 24/24 MP: 2/2
   576 | D:1      | Reached XP level 3. HP: 26/30 MP: 3/3
  1008 | D:2      | Reached ** piety under Trog
  1130 | D:2      | Noticed Sigmund
  1149 | D:2      | HP: 1/30 [Sigmund/+0 scythe (9)]
  1150 | D:2      | Killed Sigmund
  1151 | D:2      | Reached skill level 5 in Fighting
  1151 | D:2      | Reached XP level 4. HP: 2/39 MP: 4/4
  1151 | D:2      | Reached XP level 5. HP: 2/44 MP: 5/5
  1151 | D:2      | Reached XP level 6. HP: 3/51 MP: 6/6
  2229 | D:3      | Found a faded altar of an unknown god.
  2386 | D:3      | Noticed Jessica
  2397 | D:3      | Killed Jessica
  2839 | D:4      | Reached skill level 5 in Maces & Flails
  2957 | D:4      | Found an opulent altar of Gozag.
  2985 | D:4      | Reached *** piety under Trog
  2990 | D:4      | Reached XP level 7. HP: 54/57 MP: 7/7
  3381 | D:4      | Reached skill level 6 in Fighting
  3446 | D:4      | Found a sparkling altar of Nemelex Xobeh.
  3520 | D:4      | Found Julept's General Store.
  3532 | D:4      | Bought a scroll of identify for 26 gold pieces
  3532 | D:4      | Bought a scroll of identify for 26 gold pieces
  3595 | D:5      | Entered Level 5 of the Dungeon
  3782 | D:5      | Reached XP level 8. HP: 59/65 MP: 8/8
  3831 | D:5      | Found a hazy altar of Hepliaklqana.
  4067 | D:5      | Found a white marble altar of Elyvilon.
  4093 | D:5      | Reached skill level 7 in Fighting
  4353 | D:5      | Found a transporter.
  4359 | D:5      | Identified the +1 buckler of Rurghomn {rF+++ rC+ Int+4
                  | Dex+3}
  4365 | D:5      | Noticed H0rd4k's ghost (amateur OpAr)
  4970 | D:5      | Found a transporter.
  5165 | D:6      | Noticed a wraith
  5167 | D:6      | Noticed a cyclops
  5176 | D:5      | Killed a wraith
  5177 | D:5      | Reached skill level 8 in Fighting
  5177 | D:5      | Reached XP level 9. HP: 67/74 MP: 9/9
  5421 | D:6      | Reached skill level 5 in Dodging
  5496 | D:6      | Reached **** piety under Trog
  5500 | D:6      | Reached skill level 9 in Fighting
  5648 | D:6      | Noticed a boulder beetle
  5659 | D:6      | HP: 3/76 [boulder beetle (2)]
  5663 | D:6      | Slain by a boulder beetle

Illustrated notes

Levels and vault maps discovered:
D:1:      dpeg_arrival_tiny_h, layout_loops_ring
D:2:      layout_basic, uniq_sigmund
D:3:      wad_pebble_path, layout_basic,
          shapermc_ecumenical_altar_starsandcircs, kennysheep_generic_room_2,
          uniq_jessica
D:4:      layout_basic, marbit_many_paths, old_standard_altar, serial_shops,
          shop
D:5:      layout_loops_ring, elyvilon_altar_5, nicolae_overflow_crystal_walls,
          gammafunk_ghost_gnarly_gnolls
D:6:      cheibrodos_fzero, layout_basic,
          grunt_temple_overflow_champion_of_chaos,
          grunt_temple_overflow_diamond, minmay_shop_damaged, st_stairs_9,
          kennysheep_donut

Skill      XL: |  1  2  3  4  5  6  7  8  9 |
---------------+----------------------------+-----
Dodging        | 2 3 4 5 |  5.2
Fighting       | 5 6 8 9 |  9.1
Maces & Flails | 4 5 7 8 |  8.2
Armour         | |  2.1

Action                   |  1- 3 |  4- 6 |  7- 9 || total
-------------------------+-------+-------+-------++-------
Melee: Mace              |    77 |    24 |   154 ||   255
       Punch             |     1 |     1 |     2 ||     4
       Quarterstaff      |       |    85 |       ||    85
       Giant club        |       |       |    75 ||    75
Invok: Trog's Hand       |     1 |       |     2 ||     3
 Abil: Dig               |       |     2 |       ||     2
Evoke: Wand              |       |       |     3 ||     3
  Use: Scroll            |       |     5 |     4 ||     9
 Stab: Sleeping          |     1 |       |       ||     1
       Invisible         |       |       |     3 ||     3
Armor: Leather armour    |    25 |    25 |     9 ||    59
       Ring mail         |       |       |    69 ||    69
Dodge: Dodged            |    55 |    70 |   299 ||   424
